[Event "40th Cappelle Open 2024"]
[Site "Cappelle-la-Grande"]
[Date "2024.03.04"]
[Round "3.9"]
[White "Karthikeyan, P.."]
[Black "Tarhan, Adar"]
[Result "0-1"]
[ECO "A47"]
[WhiteElo "2306"]
[BlackElo "2432"]
[Annotator "TA"]
[PlyCount "51"]
[EventDate "2024.03.02"]
[EventType "swiss"]
[EventCountry "FRA"]
[SourceTitle "playchess.com"]
[Source "ChessBase"]
[SourceQuality "1"]
[TimeControl "40/5400+30:1800+30"]

1. d4 Nf6 2. Nf3 e6 3. Bf4 b6 4. e3 Bb7 5. Be2 h6 6. h3 g5 7. Bh2 Rg8 8. Qd3 {[%emt 0:03:31] White is slightly better.} Be4 9. Qd1 h5 (9... Bb7 $11) 10. Nbd2 {[%emt 0:00:36] [#] Strongly threatening Nxe4.} Bb7 11. c3 g4 12. hxg4 hxg4 13. Ne5 Rh8 $1 (13... Bxg2 14. Rg1 Bb7 15. Nxg4 (15. Bxg4 Nxg4 16. Nxg4 Rg6 $16) 15... Nxg4 16. Bxg4 $14) 14. Kf1 {[%emt 0:12:55][%cal Of1g1] [#]} ({Reject} 14. Bxg4 Bxg2 15. Bf3 Bxh1 16. Bxh1 d5 $17) (14. Nxg4 Nxg4 15. Bxg4 Bxg2 $17) 14... g3 $1 15. fxg3 Nd5 16. Kf2 (16. Nec4 $11) 16... Qg5 $15 17. Nf1 Nc6 18. Nxc6 dxc6 19. Bf3 O-O-O {[%emt 0:00:44][%mdl 1024] Black has compensation.} 20. e4 (20. g4 $15) 20... Ne7 {[%emt 0:03:47] Black has more active pieces.} 21. g4 Ng6 {[%emt 0:06:15] Against Bf4} 22. Qd2 (22. Qa4 $142) 22... Qh4+ $17 {[%emt 0:01:37] Black is clearly better.} 23. g3 (23. Kg1 $17 {was necessary.}) 23... Qe7 {[%emt 0:01:07] Hoping for ...Ne5.} 24. Bg1 Rxh1 25. Bxh1 c5 {[%emt 0:00:23] And now ...cxd4 would win.} 26. Ke1 {[%emt 0:01:09] Weighted Error Value: White=0.21 (precise) /Black=0.11 (very precise) .  Mistake:       	White=4     	Black=1      Inaccurate:     	White=4     	Black=2      OK:         	White=3     	Black=6      Best:        	White=1     	Black=4      Strong:       	---       	Black=1      Brilliant:      	---       	Black=1} 0-1

[Event "40th Cappelle Open 2024"]
[Site "Cappelle-la-Grande"]
[Date "2024.03.04"]
[Round "3.10"]
[White "Enchev, Ivajlo"]
[Black "Fedoryshyn, Ievgenii"]
[Result "1/2-1/2"]
[ECO "E01"]
[WhiteElo "2425"]
[BlackElo "2256"]
[Annotator "TA"]
[PlyCount "47"]
[EventDate "2024.03.02"]
[EventType "swiss"]
[EventCountry "FRA"]
[SourceTitle "playchess.com"]
[Source "ChessBase"]
[SourceQuality "1"]
[TimeControl "40/5400+30:1800+30"]

1. d4 d5 2. Nf3 Nf6 3. c4 e6 4. Nc3 c6 5. g3 Nbd7 6. Bg2 Bd6 7. O-O O-O 8. Nd2 Qe7 9. e4 {[%emt 0:02:40] Threatens to win with e5.} dxe4 10. Ndxe4 Nxe4 {[%emt 0:00:15] White is slightly better.} 11. Nxe4 Bc7 12. Re1 Rd8 13. Bg5 f6 14. Be3 e5 ({Better is} 14... Ne5 $14) 15. Qb3 {[%emt 0:04:32] White is more active.} ({White should try} 15. d5 $16 {d6 is the strong threat.} cxd5 16. cxd5 (16. Qxd5+ Kh8 $16)) 15... exd4 $1 $14 16. Bxd4 {[%emt 0:00:24][%cal Oe4f6] [#] Strongly threatening Nxf6+!} Ne5 17. c5+ Be6 18. Qc3 (18. Qxb7 $2 {too greedy.} Rab8 19. Qxa7 Rxd4 $19) 18... Qd7 19. Rad1 {[%emt 0:03:23] aiming for Bxe5.} Qf7 20. f4 Nd7 21. Nd6 {[%emt 0:05:45] White is better.} Bxd6 22. cxd6 Nb6 23. Bxb6 axb6 24. Qe3 {[%emt 0:00:32] Weighted Error Value: White=0.06 (flawless) /Black=0.09 (flawless) .  Mistake:       	White=1     	Black=1      Inaccurate:     	White=1     	Black=1      OK:         	White=7     	Black=7      Best:        	---       	Black=1      Strong:       	---       	Black=1} 1/2-1/2

[Event "40th Cappelle Open 2024"]
[Site "Cappelle-la-Grande"]
[Date "2024.03.04"]
[Round "3.11"]
[White "Lesueur, Gabriel"]
[Black "Boyer, Mahel"]
[Result "0-1"]
[ECO "C78"]
[WhiteElo "2207"]
[BlackElo "2415"]
[Annotator "RC"]
[PlyCount "52"]
[EventDate "2024.03.02"]
[EventType "swiss"]
[EventCountry "FRA"]
[SourceTitle "playchess.com"]
[Source "ChessBase"]
[SourceQuality "1"]
[TimeControl "40/5400+30:1800+30"]

1. e4 Nc6 2. Nf3 e5 3. Bb5 a6 4. Ba4 Nf6 5. O-O b5 6. Bb3 Bb7 7. d4 Nxd4 8. Nxd4 exd4 9. e5 Ne4 10. c3 d3 11. Qxd3 Nc5 12. Qg3 h5 13. Rd1 h4 14. Qg4 Nxb3 15. axb3 Qe7 16. Bg5 Qe6 17. Qxe6+ fxe6 18. Nd2 h3 19. g4 Bc5 20. b4 Bb6 21. Re1 O-O 22. Be3 Bxe3 23. Rxe3 Rf4 24. Rxh3 Rxg4+ 25. Rg3 Rf4 26. f3 Rf5 0-1

[Event "40th Cappelle Open 2024"]
[Site "Cappelle-la-Grande"]
[Date "2024.03.04"]
[Round "3.12"]
[White "Godbole, Atharva"]
[Black "Decuigniere, Tom"]
[Result "0-1"]
[ECO "B80"]
[WhiteElo "2199"]
[BlackElo "2402"]
[Annotator "TA"]
[PlyCount "58"]
[EventDate "2024.03.02"]
[EventType "swiss"]
[EventCountry "FRA"]
[SourceTitle "playchess.com"]
[Source "ChessBase"]
[SourceQuality "1"]
[TimeControl "40/5400+30:1800+30"]

1. e4 c5 2. Nf3 d6 3. d4 cxd4 4. Nxd4 Nf6 5. Nc3 a6 6. f3 e6 7. Be3 b5 8. Qd2 Nbd7 9. g4 b4 10. Na4 h6 11. O-O-O ({Reject} 11. Qxb4 d5 12. Qd2 dxe4 $15) 11... Ne5 {[%emt 0:01:20] Repels Bc4. The position is equal.} 12. Qxb4 Bd7 $1 13. Nb6 ({Better is} 13. Bf4) 13... Rb8 $11 14. Nb3 $1 Nc6 {[%emt 0:01:25] Inhibits Qa5.} 15. Qa4 {[%emt 0:02:22] [#] And now Nxd7 would win.} Rxb6 16. Bxb6 Qxb6 17. Qxa6 Qxa6 18. Bxa6 Be7 19. Nd4 O-O 20. Be2 {[%emt 0:03:43] [#]} (20. Rhe1 $15) 20... d5 $1 $17 21. exd5 Nxd5 22. Kb1 {[%emt 0:08:30] White is weak on the dark squares} Nxd4 23. Rxd4 Bf6 24. Rd3 Bb5 25. Rxd5 (25. c4 {was worth a try.} Bxc4 26. Rd2 Bxe2 27. Rxe2) 25... Bxe2 $19 {[%emt 0:00:13] A strong pair of Bishops.} 26. Rd7 Bxf3 27. Rg1 e5 28. c4 e4 29. Kc2 e3 {[%emt 0:00:57] Weighted Error Value: White=0.32/Black=0.01 (flawless) .  Mistake:       	White=3     	---        Inaccurate:     	White=3     	---        OK:         	White=3     	Black=9      Best:        	White=1     	Black=2      Strong:       	White=1     	Black=2} 0-1

[Event "40th Cappelle Open 2024"]
[Site "Cappelle-la-Grande"]
[Date "2024.03.04"]
[Round "3.13"]
[White "Idani, Pouya"]
[Black "Feryn, Benjamin"]
[Result "1/2-1/2"]
[ECO "C60"]
[WhiteElo "2609"]
[BlackElo "2182"]
[Annotator "TA"]
[PlyCount "50"]
[EventDate "2024.03.02"]
[EventType "swiss"]
[EventCountry "FRA"]
[SourceTitle "playchess.com"]
[Source "ChessBase"]
[SourceQuality "1"]
[TimeControl "40/5400+30:1800+30"]

1. e4 e5 2. Nf3 Nc6 3. Bb5 Nge7 4. Nc3 Ng6 5. h4 Be7 6. h5 Nh4 7. Nxh4 Bxh4 {[%emt 0:00:05] Black is weak on the light squares} 8. Qg4 {[%emt 0:00:05][%csl LRg7,LRh4] The position is equal.} Bf6 9. h6 Rg8 10. Nd5 Nd4 11. Ba4 b5 12. c3 bxa4 13. cxd4 d6 14. Qe2 {[%emt 0:16:45] Threatens to win with Qc4.} c6 15. Nxf6+ gxf6 16. f3 Qb6 17. dxe5 fxe5 18. d3 Rb8 19. Rb1 (19. g4 $15) 19... Ba6 20. Be3 {[%emt 0:01:46] Black is slightly better.} Qb5 21. O-O Qxd3 22. Qf2 Qe2 23. Qxe2 Bxe2 24. Rf2 Bc4 25. Rc1 d5 {[%emt 0:05:09] Weighted Error Value: White=0.10 (very precise) /Black=0.07 (flawless) .  Mistake:       	White=1     	---        Inaccurate:     	White=1     	Black=2      OK:         	White=8     	Black=9      Best:        	White=1     	Black=2} 1/2-1/2

[Event "40th Cappelle Open 2024"]
[Site "Cappelle-la-Grande"]
[Date "2024.03.04"]
[Round "3.14"]
[White "Toure, Vasanth"]
[Black "Gopal G.N."]
[Result "0-1"]
[ECO "B51"]
[WhiteElo "2155"]
[BlackElo "2575"]
[Annotator "TA"]
[PlyCount "37"]
[EventDate "2024.03.02"]
[EventType "swiss"]
[EventCountry "FRA"]
[SourceTitle "playchess.com"]
[Source "ChessBase"]
[SourceQuality "1"]
[TimeControl "40/5400+30:1800+30"]

1. e4 c5 2. Nf3 d6 3. Bb5+ Nd7 4. O-O a6 5. Bd3 Ngf6 6. c3 e6 7. Bc2 b5 8. d4 {[%emt 0:01:18] The position is equal.} Bb7 9. Re1 Be7 10. Nbd2 Qc7 11. h3 O-O 12. e5 Nd5 13. Ne4 dxe5 14. dxe5 Rfd8 (14... Nxe5 $2 {loses.} 15. Nxe5 Qxe5 16. Ng5 $18) 15. Bg5 h6 ({Reject} 15... Nxe5 $6 16. Nxe5 Qxe5 17. Nf6+ Nxf6 18. Rxe5 $16) 16. Bxe7 Nxe7 17. Qd6 Qxd6 18. exd6 Nd5 19. Ne5 {[%emt 0:01:56] Weighted Error Value: White=0.13 (very precise) /Black=0.06 (flawless) .  Mistake:       	White=1     	---        Inaccurate:     	White=3     	Black=1      OK:         	White=5     	Black=7} 0-1

[Event "40th Cappelle Open 2024"]
[Site "Cappelle-la-Grande"]
[Date "2024.03.04"]
[Round "3.15"]
[White "Bellahcene, Bilel"]
[Black "Aydin, Gulenay"]
[Result "1/2-1/2"]
[ECO "E11"]
[WhiteElo "2522"]
[BlackElo "2152"]
[Annotator "TA"]
[PlyCount "81"]
[EventDate "2024.03.02"]
[EventType "swiss"]
[EventCountry "FRA"]
[SourceTitle "playchess.com"]
[Source "ChessBase"]
[SourceQuality "1"]
[TimeControl "40/5400+30:1800+30"]

1. d4 d5 2. c4 e6 3. Nf3 Nf6 4. g3 Be7 5. Bg2 O-O 6. O-O c6 7. Qc2 b6 8. Bg5 Na6 9. Nbd2 c5 10. Rfd1 Bb7 {[%emt 0:02:43] The position is equal.} 11. dxc5 Nxc5 12. Bxf6 Bxf6 13. cxd5 exd5 14. Nb3 Rc8 {[%emt 0:15:28] ...Na4 would now be deadly.} 15. Nbd4 Re8 16. e3 g6 17. Bh3 Ne6 18. Qa4 a6 19. Rac1 Qe7 (19... Nc5 $11 20. Qc2 Nd7) 20. Bf1 {[%emt 0:01:25] White is more active.} ({White should play} 20. Nxe6 $14 fxe6 21. Nd4 Bxd4 22. Qxd4) 20... Kg7 21. h4 (21. Bxa6 $2 Nxd4 (21... Nc5 $2 22. Bxb7 Nxa4 23. Bxc8 $19) 22. exd4 (22. Nxd4 $2 Ra8 $19) 22... Rxc1 23. Rxc1 Ra8 $19) 21... h5 22. Bh3 (22. Bxa6 $2 Nxd4 (22... Nc5 23. Bxb7 Nxa4 24. Bxc8 $17) 23. Nxd4 Ra8 $19) 22... Nxd4 23. Nxd4 Rc4 24. Qb3 $2 (24. Rxc4 $16 dxc4 25. Ne6+ (25. Qxc4 Qe4 $14) 25... fxe6 26. Rd7 (26. Qxc4 $2 Rd8 $19)) 24... Bxd4 $11 25. exd4 Qf6 26. Qd3 {[%emt 0:04:13] Repels Re2} (26. Rxc4 dxc4 27. Qc3 (27. Qxc4 $2 Qf3 $19) 27... Bf3 $17) (26. Bg2 $11 {remains equal.}) 26... Re4 $1 $17 27. Rxc4 dxc4 28. Qd2 {[%emt 0:00:15] [#]} (28. Qxc4 $2 {too greedy.} Qf3 29. Rf1 Rxh4 $19) 28... Qf3 $1 29. d5 {[%emt 0:02:35] [#]} (29. Bg2 $2 {gets mated.} Re1+ 30. Rxe1 Qxg2#) 29... Bxd5 $1 {[%emt 0:00:04][%cal Oe4e1][%mdl 512] ( -> ...Re1+!)} 30. Qc3+ (30. Qxd5 $2 {perishes.} Re1+ 31. Rxe1 Qxd5 $19) 30... Qxc3 31. bxc3 Be6 32. Bxe6 Rxe6 {[%emt 0:00:02][%mdl 4096] Endgame. KR-KR} 33. a4 Re2 (33... Kf6 $17 34. Kf1 Ke7) 34. Rb1 $15 {[%emt 0:00:42] [#]} b5 $1 35. axb5 axb5 36. Rxb5 Rc2 37. Rc5 Rxc3 38. Rc6 Kf8 39. Rc7 Kg7 40. Rc6 $1 Rc1+ 41. Kg2 {[%emt 0:30:01] Weighted Error Value: White=0.15 (very precise) /Black=0.16 (very precise) .  Mistake:       	White=3     	Black=3      Inaccurate:     	White=1     	---        OK:         	White=14    	Black=7      Best:        	White=2     	Black=1      Strong:       	White=1     	Black=2      Brilliant:      	---       	Black=1} 1/2-1/2

[Event "40th Cappelle Open 2024"]
[Site "Cappelle-la-Grande"]
[Date "2024.03.04"]
[Round "3.16"]
[White "Vallet, Marc"]
[Black "Lamard, Guillaume"]
[Result "0-1"]
[ECO "D38"]
[WhiteElo "2155"]
[BlackElo "2483"]
[Annotator "ChessBase"]
[PlyCount "60"]
[EventDate "2024.03.02"]
[EventType "swiss"]
[EventCountry "FRA"]
[SourceTitle "playchess.com"]
[Source "ChessBase"]
[SourceQuality "1"]
[TimeControl "40/5400+30:1800+30"]

1. d4 Nf6 2. c4 e6 3. Nf3 d5 4. Nc3 Bb4 5. Qa4+ Nc6 6. Bg5 h6 7. Bxf6 Qxf6 8. e3 O-O 9. Qc2 Rd8 10. O-O-O Bf8 11. h4 a6 12. a3 Rb8 13. Bd3 b5 14. cxb5 axb5 15. Bxb5 Na5 16. Qa4 c6 17. Qxa5 cxb5 18. Qc7 Bd6 19. Qc6 b4 20. axb4 Rxb4 21. Qa8 Bb7 22. Qa1 Ra8 23. Qb1 Ba6 24. Rd2 Rab8 25. Kd1 Bc4 26. Ke1 Rb3 27. Qc2 Bb4 28. Ne5 Bxc3 29. bxc3 Rb1+ 30. Rd1 R1b2 0-1

[Event "40th Cappelle Open 2024"]
[Site "Cappelle-la-Grande"]
[Date "2024.03.04"]
[Round "3.17"]
[White "Van Houtte, Randy"]
[Black "Roshka, Yevgeniy"]
[Result "0-1"]
[ECO "A13"]
[WhiteElo "2152"]
[BlackElo "2468"]
[Annotator "TA"]
[PlyCount "50"]
[EventDate "2024.03.02"]
[EventType "swiss"]
[EventCountry "FRA"]
[SourceTitle "playchess.com"]
[Source "ChessBase"]
[SourceQuality "1"]
[TimeControl "40/5400+30:1800+30"]

1. Nf3 Nf6 2. c4 e6 3. e3 d5 4. b3 c5 5. Bb2 Nc6 6. cxd5 exd5 7. d4 cxd4 8. Nxd4 Bb4+ 9. Bc3 Bd6 {[%emt 0:01:59] The position is equal.} 10. Nd2 O-O 11. Be2 Bd7 12. g4 (12. O-O $11 {keeps the balance.}) 12... Ne5 ({Better is} 12... Rc8 $17 {And now ...Ne5 would win.} 13. Bb2 Nxd4 14. Bxd4 Bc5 15. Bxc5 Rxc5) 13. g5 (13. h3 $15) 13... Ne4 14. Nxe4 dxe4 15. Qd2 Rc8 $1 16. h4 Qe7 {[%emt 0:00:00][%cal Oc8c3] ...Rxc3! is the strong threat. Black is more active.} 17. Nc2 {[%emt 0:09:52] [#]} (17. a3 $17) 17... Nd3+ $1 $19 18. Bxd3 exd3 19. Qxd3 {[%emt 0:00:05] [#]} Rxc3 $2 20. Qxc3 $17 Rc8 $1 21. Qd3 {[%emt 0:14:03] [#] Threatens to win with Rd1.} Bc6 $1 22. Rd1 {[%emt 0:01:48] [#]} Rd8 $1 $36 {[%emt 0:00:00][%mdl 2048] Black is in control.} (22... Bxh1 23. Qxd6 Qxd6 (23... Qe4 $2 24. Qd8+ Qe8 25. Qxe8+ Rxe8 26. Nd4 $18) 24. Rxd6 $18) 23. Nd4 $2 (23. O-O {was worth a try.} Bh2+ 24. Kxh2 Rxd3 25. Rxd3) 23... Bxh1 {[%emt 0:00:00] This pair of bishops is nice.} 24. Nf5 Qc7 (24... Bb4+ 25. Ke2 Rxd3 26. Nxe7+ Bxe7 27. Kxd3 $17) 25. Nxd6 (25. Ke2 Qc6 26. Ne7+ Bxe7 27. Qxd8+ Bf8 28. Kd2) 25... Bf3 {[%emt 0:00:00] Weighted Error Value: White=0.67/Black=0.20 (precise) .  Missed win:     	---       	Black=1      Mistake:       	White=6     	Black=1      Inaccurate:     	White=1     	---        OK:         	White=4     	Black=5      Best:        	White=3     	Black=2      Strong:       	---       	Black=4} 0-1

[Event "40th Cappelle Open 2024"]
[Site "Cappelle-la-Grande"]
[Date "2024.03.04"]
[Round "3.18"]
[White "Wirig, Anthony"]
[Black "Midy, Robin"]
[Result "1-0"]
[ECO "D35"]
[WhiteElo "2462"]
[BlackElo "2151"]
[Annotator "TA"]
[PlyCount "68"]
[EventDate "2024.03.02"]
[EventType "swiss"]
[EventCountry "FRA"]
[SourceTitle "playchess.com"]
[Source "ChessBase"]
[SourceQuality "1"]
[TimeControl "40/5400+30:1800+30"]

1. d4 d5 2. Nf3 Nf6 3. c4 e6 4. Nc3 Nbd7 5. cxd5 exd5 6. Bf4 Bb4 7. Nd2 c6 {[%emt 0:07:22] Inhibits Nb5.} 8. e3 Nf8 9. Bd3 {[%emt 0:02:53] White has an edge.} Ng6 10. Bg3 O-O 11. a3 Bd6 12. Qc2 Re8 13. Bf5 Bxg3 14. hxg3 Ng4 15. Bxg4 Bxg4 16. f3 $1 Qg5 {[%emt 0:08:44] Strongly threatening ...Bf5.} 17. Nf1 Bf5 18. Qd2 b5 (18... Ne7 $15) 19. Ne2 h5 {[%emt 0:04:57] [#]} 20. Nf4 $1 Nxf4 21. gxf4 Qg6 (21... Qxf4 $14 22. Rxh5 Bg6) 22. Kf2 $18 Qf6 23. Rxh5 g6 24. Rh2 Kg7 25. Ng3 Rh8 26. Rah1 Rxh2 27. Rxh2 Re8 28. Rh1 Bc8 29. e4 {[%emt 0:02:22] And now e5 would win.} dxe4 (29... Rh8 30. Rxh8 Kxh8) 30. Nxe4 (30. fxe4 Rh8 31. Rxh8 Kxh8 $16) 30... Qe6 {[%emt 0:03:09] [#] Black is weak on the dark squares} 31. d5 $1 cxd5 32. Qd4+ f6 {[%emt 0:00:43] [#]} 33. Nxf6 $1 Qxf6 (33... Qe3+ 34. Qxe3) 34. Qd2 $4 (34. Qxd5 $2 {too greedy.} Qxb2+ (34... Qxf4 $2 35. Qd3 $19) 35. Kg3 Re2 $19 (35... Qxa3 36. Qd4+)) (34. Rh7+ $1 $18 {is the narrow road to win.} Kxh7 35. Qxf6) 34... Qe7 $4 {[%emt 0:00:30][%mdl 8192] Weighted Error Value: White=0.32/Black=0.35.  Mistake:       	---       	Black=3      Inaccurate:     	White=3     	Black=4      OK:         	White=6     	Black=12     Best:        	White=2     	---        Strong:       	White=1     	---        Brilliant:      	White=1     	---} (34... d4 $19 35. Qa5 Re7 (35... Qxf4 $2 36. Qxa7+ Kf6 37. Qb6+ Be6 38. Rd1 $19) 36. Qxb5 Qxf4) 1-0

[Event "40th Cappelle Open 2024"]
[Site "Cappelle-la-Grande"]
[Date "2024.03.04"]
[Round "4.1"]
[White "Tarhan, Adar"]
[Black "Puranik, Abhimanyu"]
[Result "0-1"]
[ECO "D38"]
[WhiteElo "2432"]
[BlackElo "2618"]
[Annotator "RC"]
[PlyCount "172"]
[EventDate "2024.03.02"]
[EventType "swiss"]
[EventCountry "FRA"]
[SourceTitle "playchess.com"]
[Source "ChessBase"]
[SourceQuality "1"]
[TimeControl "40/5400+30:1800+30"]

1. Nf3 Nf6 2. c4 e6 3. Nc3 d5 4. d4 Bb4 5. cxd5 exd5 6. Bg5 h6 7. Bh4 O-O 8. Qb3 c5 9. dxc5 Nc6 10. e3 g5 11. Bg3 Ne4 12. Be2 d4 13. Nxd4 Nxd4 14. exd4 Qxd4 15. O-O Be6 16. Rad1 Qxc5 17. Qc2 Nxg3 18. hxg3 Rfe8 19. Bd3 Rac8 20. Qa4 Bxc3 21. bxc3 Red8 22. Qe4 Qxc3 23. Bb1 b6 24. Qh7+ Kf8 25. Qxh6+ Qg7 26. Qh5 Qf6 27. Qe2 Kg7 28. Rxd8 Rxd8 29. Rc1 g4 30. Rd1 Rxd1+ 31. Qxd1 Qe5 32. Bc2 b5 33. Bb3 a5 34. Bxe6 Qxe6 35. Qd4+ Kg6 36. Qd3+ Qf5 37. Qd8 b4 38. Qg8+ Kf6 39. Kh2 Ke7 40. Qh8 Kd6 41. Qd8+ Kc6 42. Qe8+ Kc5 43. Qe3+ Kc4 44. Qc1+ Kb5 45. Qf1+ Kb6 46. Qd1 Qe6 47. Qc2 Kb5 48. Kg1 Qc4 49. Qd1 Qe6 50. Qc2 Qd5 51. Kh2 f5 52. Kg1 a4 53. Qe2+ Ka5 54. Qe7 b3 55. a3 Qd4 56. Qe6 b2 57. Qxf5+ Kb6 58. Qc2 Qe5 59. Qg6+ Ka5 60. Kh2 Qb5 61. Qb1 Qh5+ 62. Kg1 Qe5 63. Kh2 Qh8+ 64. Kg1 Qc3 65. Qf5+ Kb6 66. Kh2 Qd2 67. Qf8 Kb5 68. Qe8+ Kc5 69. Qc8+ Kd4 70. Qxg4+ Kc3 71. Qb4+ Kc2 72. Qxa4+ Kb1 73. Qe4+ Qc2 74. Qd4 Kc1 75. Qf4+ Kd1 76. Qd4+ Ke1 77. Qe5+ Kf1 78. Qb5+ Kxf2 79. Qb6+ Ke2 80. Qe6+ Kd1 81. Qg4+ Kc1 82. Qf4+ Kb1 83. Qd4 Ka2 84. Qd5+ Qb3 85. Qd2 Qc4 86. Qf2 Qc3 0-1

[Event "40th Cappelle Open 2024"]
[Site "Cappelle-la-Grande"]
[Date "2024.03.04"]
[Round "4.2"]
[White "Boyer, Mahel"]
[Black "Sasikiran, Krishnan"]
[Result "1/2-1/2"]
[ECO "A13"]
[WhiteElo "2415"]
[BlackElo "2578"]
[Annotator "TA"]
[PlyCount "68"]
[EventDate "2024.03.02"]
[EventType "swiss"]
[EventCountry "FRA"]
[SourceTitle "playchess.com"]
[Source "ChessBase"]
[SourceQuality "1"]
[TimeControl "40/5400+30:1800+30"]

1. Nf3 d5 2. e3 Nf6 3. c4 e6 4. b3 c5 5. Bb2 Nc6 6. cxd5 exd5 7. Be2 a6 8. d4 cxd4 9. Nxd4 Bb4+ {[%emt 0:00:23] White has an edge.} 10. Bc3 Bd6 11. Nd2 O-O 12. O-O Re8 13. Qc2 (13. Nxc6 $11 {keeps the balance.} bxc6 14. Qc2) 13... Ne5 (13... Bxh2+ $1 $17 14. Kh1 Bb8) 14. Rad1 $11 Ne4 15. Nxe4 dxe4 16. g3 (16. h3 $14) 16... Bh3 $15 17. Qxe4 $1 Qc7 (17... Rc8 $5 18. Ba1 (18. Nf5 $2 Bxf5 19. Qxf5 Rxc3 $19) 18... Qc7 $15) 18. Ba1 Nc6 19. Qf3 Bxf1 20. Bxf1 Nxd4 21. Rxd4 Be5 22. Rc4 Qb6 23. Bxe5 Rxe5 24. Rf4 Rf8 25. Bc4 Qc7 26. a4 g6 27. e4 (27. Bd5 $11) 27... Kg7 28. h4 b5 29. axb5 axb5 30. Bd5 f5 31. Kg2 b4 32. Qe3 Rfe8 (32... Rd8 $15 33. Qd4 fxe4 34. Rf7+ Qxf7 35. Qxe5+ Qf6 36. Qxe4 (36. Qxf6+ $2 Kxf6 37. Bxe4 Ke5 $19) 36... h5) 33. Qd4 $11 Qc3 34. Qb6 (34. exf5 $2 {is the wrong capture.} Qxd4 (34... gxf5 35. Qb6 $16) 35. Rxd4 (35. f6+ $2 Kf8 $19) 35... Rd8 (35... Rxf5 36. Be4 $11) (35... gxf5 36. Bc4 $11) 36. Rxb4 Rexd5 (36... Rdxd5 $2 37. Rb7+ Kf8 38. fxg6 $19) 37. fxg6 Kxg6 (37... hxg6 $2 38. Re4 $19) 38. Rg4+ Kf6 $19) 34... Qd2 {[%emt 0:02:29] Weighted Error Value: White=0.17 (very precise) /Black=0.13 (very precise) .  Mistake:       	White=3     	Black=2      Inaccurate:     	---       	Black=1      OK:         	White=11    	Black=11     Best:        	White=1     	Black=1      Strong:       	White=1     	---} 1/2-1/2

[Event "40th Cappelle Open 2024"]
[Site "Cappelle-la-Grande"]
[Date "2024.03.04"]
[Round "4.3"]
[White "Decuigniere, Tom"]
[Black "Vlachos, Anatole"]
[Result "0-1"]
[ECO "D35"]
[WhiteElo "2402"]
[BlackElo "2479"]
[Annotator "ChessBase"]
[PlyCount "70"]
[EventDate "2024.03.02"]
[EventType "swiss"]
[EventCountry "FRA"]
[SourceTitle "playchess.com"]
[Source "ChessBase"]
[SourceQuality "1"]
[TimeControl "40/5400+30:1800+30"]

1. d4 d5 2. c4 e6 3. Nc3 Nf6 4. cxd5 exd5 5. Bg5 c6 6. e3 Be7 7. Bd3 Nbd7 8. Nf3 h6 9. Bf4 Nh5 10. Be5 Nxe5 11. dxe5 g6 12. O-O O-O 13. Qc2 Ng7 14. Rad1 Bg4 15. h3 Bxf3 16. gxf3 f6 17. exf6 Bxf6 18. f4 g5 19. Bh7+ Kh8 20. Qg6 gxf4 21. Ne4 Qe8 22. Qxh6 Qh5 23. Qxh5 Nxh5 24. Nxf6 Rxf6 25. Bd3 Re8 26. Be2 f3 27. Bd3 Rg8+ 28. Kh1 Rg2 29. Rg1 Rxf2 30. Rg5 Rh6 31. Rf1 Rxf1+ 32. Bxf1 Nf6 33. Rf5 Ne4 34. Kh2 Nd2 35. Bd3 Re6 0-1